 Dungeon Crawl Stone Soup version 0.26-a0-597-gb535b0901c (webtiles) character file.

Game seed: 17528985062619413877

37050 Lanoc the Frost Mage (level 13, -5/102 HPs)
             Began as a Troll Ice Elementalist on Sept 10, 2020.
             Was a High Priest of Qazlal.
             Slain by an ice dragon (15 damage)
             ... on level 15 of the Dungeon.
             The game lasted 00:30:17 (12422 turns).

Lanoc the Frost Mage (Troll Ice Elementalist)      Turns: 12422, Time: 00:30:17

Health: -5/102     AC:  7    Str: 23    XL:     13   Next: 56%
Magic:  13/13      EV: 19    Int: 20    God:    Qazlal [*****.]
Gold:   1047       SH:  7    Dex: 10    Spells: 4/14 levels left

rFire    . . .     SeeInvis +   x - +4 whip "Qiotiveg" {freeze, Int+2 SInv Stlth+}
rCold    + + .     Faith    .   (no shield)
rNeg     + . .     Spirit   .   I - +0 robe of Gravity {rN+ Int+3} (curse)
rPois    +         Reflect  .   (helmet restricted)
rElec    .         Harm     .   D - +0 cloak of Indecent Exposure {Str+4}
rCorr    .                      (gloves unavailable)
MR       .....                  (boots unavailable)
Stlth    +.........             y - amulet of regeneration
HPRegen  1.07/turn              b - ring of ice
MPRegen  0.13/turn              F - ring "Odesie" {rPois rF+ EV+4}

@: protected from cold, berserk cooldown, slowed, repel missiles, very slow
A: large, unfitting armour, claws 3, regeneration 1, shaggy fur 1, tough skin 3
a: Upheaval, Elemental Force, Disaster Area, Renounce Religion


You were on level 15 of the Dungeon.
You worshipped Qazlal.
Qazlal was extremely pleased with you.
You visited 2 branches of the dungeon, and saw 16 of its levels.
You also visited: Sewer.

You collected 1047 gold pieces.

Inventory:

Hand Weapons
 d - a +3 scimitar of flaming
 x - the +4 whip "Qiotiveg" (weapon) {freeze, Int+2 SInv Stlth+}
   (You found it on level 4 of the Dungeon)

   It has been specially enchanted to freeze those struck by it, causing extra
   injury to most foes and up to half again as much damage against particularly
   susceptible opponents.
   It can also slow down cold-blooded creatures.
   It affects your intelligence (+2).
   It lets you see invisible.
   It makes you more stealthy.
Missiles
 h - 5 curare-tipped darts (quivered)
 s - a throwing net
Armour
 D - the +0 cloak of Indecent Exposure (worn) {Str+4}
   (You found it on level 6 of the Dungeon)

   It affects your strength (+4).
 I - the cursed +0 robe of Gravity (worn) {rN+ Int+3}
   (You took it off a big kobold on level 13 of the Dungeon)

   It affects your intelligence (+3).
   It protects you from negative energy.
   It has a curse placed upon it.
Jewellery
 b - a ring of ice (left claw)
 w - an uncursed ring of protection from magic
 y - an amulet of regeneration (around neck)
 F - the ring "Odesie" (right claw) {rPois rF+ EV+4}
   (You found it on level 10 of the Dungeon)

   [ring of evasion]

   It affects your evasion (+4).
   It protects you from fire.
   It protects you from poison.
 G - an uncursed ring of poison resistance
 K - an uncursed ring of wizardry
Wands
 j - a wand of enslavement (10)
 l - a wand of polymorph (7)
 p - a wand of random effects (20)
 B - a wand of iceblast (38)
Scrolls
 f - 2 scrolls of enchant weapon
 g - 2 scrolls of fog
 m - 4 scrolls of enchant armour
 r - 8 scrolls of amnesia
 t - 8 scrolls of teleportation
 u - 4 scrolls of remove curse
 z - a scroll of immolation
 C - 4 scrolls of fear
 E - a scroll of silence
Potions
 a - 2 potions of degeneration {unknown}
 c - a potion of cancellation
 e - 2 potions of mutation
 i - 5 potions of curing
 k - 6 potions of brilliance
 n - a potion of flight
 o - 2 potions of stabbing
 q - a potion of haste
 v - a potion of magic
 A - 4 potions of lignification
 H - a potion of ambrosia {unknown}


   Skills:
 + Level 11.6 Dodging
 - Level 1.0 Stealth
 - Level 1.2 Spellcasting
 * Level 14.6 Ice Magic


You had 4 spell levels left.
You knew the following spells:

 Your Spells              Type           Power        Failure   Level
a - Summon Ice Beast      Ice/Summ       #####...     9%          4
b - Frozen Ramparts       Ice            ######       1%          3
c - Ozocubu's Armour      Ice            ######..     1%          3

Your spell library contained the following spells:

 Spells                   Type           Power        Failure   Level
 Freeze                   Ice            ####         1%          1
 Hailstorm                Conj/Ice       #####...     9%          4
 Animate Skeleton         Necr           #.....       17%         1
 Apportation              Tloc           #.....       17%         1
 Corona                   Hex            #......      17%         1
 Magic Dart               Conj           #...         17%         1
 Pain                     Necr           #...         17%         1
 Shock                    Conj/Air       #...         17%         1
 Sting                    Tmut/Pois      #...         17%         1
 Summon Small Mammal      Summ           #...         17%         1
 Blink                    Tloc           N/A          26%         2
 Call Imp                 Summ           #.......     26%         2
 Poisonous Vapours        Pois/Air       #.....       26%         2
 Slow                     Hex            #.......     26%         2
 Sublimation of Blood     Necr           #.........   26%         2
 Swiftness                Air            #.......     26%         2
 Conjure Flame            Conj/Fire      #.......     45%         3
 Ignite Poison            Fire/Tmut/Pois #.......     45%         3
 Inner Flame              Hex/Fire       #.......     45%         3
 Lesser Beckoning         Tloc           #.........   45%         3
 Mephitic Cloud           Conj/Pois/Air  #.......     45%         3
 Static Discharge         Conj/Air       #.......     45%         3
 Teleport Other           Tloc           #.......     45%         3
 Vampiric Draining        Necr           #.........   45%         3
 Airstrike                Air            #.........   86%         4
 Animate Dead             Necr           #.........   86%         4
 Olgreb's Toxic Radiance  Pois           #.......     86%         4
 Petrify                  Tmut/Erth      #.......     86%         4
 Agony                    Necr           #.......     99%         5
 Alistair's Intoxication  Tmut/Pois      #........    99%         5
 Bolt of Magma            Conj/Fire/Erth #.........   99%         5
 Fireball                 Conj/Fire      #.........   99%         5
 Irradiate                Conj/Tmut      #.........   99%         5
 Iskenderun's Battlesphe  Conj           #.......     99%         5
 Lightning Bolt           Conj/Air       #.........   99%         5
 Summon Forest            Summ/Tloc      #.........   99%         5
 Eringya's Noxious Bog    Tmut/Pois      #.........   100%        6
 Iron Shot                Conj/Erth      #.........   100%        6
 Orb of Destruction       Conj           #.........   100%        7
 Spellforged Servitor     Conj/Summ      #.........   100%        7


Dungeon Overview and Level Annotations

Branches:
Dungeon (15/15)            Temple (1/1) D:7            Lair (0/6) D:8
    Orc (0/2) D:10         Vaults (0/5) D:13          Sewer (visited)
 Depths: D:15

Altars:
Ashenzari
Cheibriados
Dithmenos
Elyvilon
Fedhas
Gozag
Kikubaaqudgha
Makhleb
Nemelex Xobeh
Okawaru
Qazlal
Ru
Sif Muna
Trog
Uskayaw
Vehumet
Wu Jian
Xom
Yredelemnul
Zin
The Shining One

Shops:
D:14 *   D:15 =

Annotations:
D:12 Fannar
D:15 Rupert


Innate Abilities, Weirdness & Mutations

You are too large for most types of armour.
You have claws for hands.
Your natural rate of healing is unusually fast.
You are covered in fur. (AC +1)
You have extremely tough skin. (AC +3)


Message History

You barely miss the ice dragon.
The ice dragon is almost dead.
You whack the ice dragon! You freeze the ice dragon.
The ice dragon is almost dead.
You block the ice dragon's attack. The ice dragon barely misses you.
The ice dragon completely misses you.
You closely miss the ice dragon.
The ice dragon is almost dead.
You are no longer berserk.
You are exhausted.
You feel yourself slow down. The ice dragon breathes frost at you.
The blast of cold hits you! You resist.
Your resistance to physical damage fades away.
You feel protected from cold.
* * * LOW HITPOINT WARNING * * *
You hit the ice dragon.
The ice dragon is almost dead.
The ice dragon closely misses you. x2; The ice dragon tramples you!
You die...

#..###.# ≈≈≈≈
##.# #.## ≈≈≈≈
... #..# ≈≈≈≈
....##.########
≈≈≈≈
.....+..........
≈≈≈≈ ###.######
≈≈≈≈ #..# .#≈≈
##.## .≈≈≈ #@.#
)≈≈≈ ##D# .≈≈≈
#..# .≈≈≈ ##.#
.≈## .# .. . ..
#.# .# ..


You could see an ice dragon.

Vanquished Creatures
  Azrael (D:13)
  A vault guard (D:13)
  A hydra (D:15)
  The ghost of Talu the Carver, a journeyman DsGl of Okawaru (D:11)
  3 centaur warriors
  An ogre mage (D:14)
  6 two-headed ogres (D:14)
  Urug (D:13)
  Sonja (D:13)
  3 skeletal warriors
  5 unseen horrors
  An orc knight (D:12)
  A necromancer (D:15)
  A faun (shapeshifter) (D:15)
  A wolf spider zombie (D:15)
  2 cyclopes
  4 ugly things
  A manticore (D:12)
  2 gargoyles
  2 trolls
  2 hippogriffs
  A slime creature (D:13)
  A centaur simulacrum (D:15)
  A shadow (D:14)
  4 wraiths
  4 water elementals (D:15)
  3 wyverns
  21 yaks
  3 fire elementals (D:13)
  A warg (D:12)
  2 soldier ants
  2 water moccasins
  An acid dragon (D:12)
  2 hell hounds (D:13)
  5 orc warriors
  3 porcupines (D:8)
  3 black bears
  3 ice beasts
  A hornet zombie (D:15)
  4 eyes of draining
  A sky beast (D:14)
  7 ogres
  14 centaurs
  A crocodile (D:13)
  A phantom (D:5)
  3 big kobolds
  8 bullfrogs
  A gnoll sergeant (D:12)
  7 scorpions
  18 killer bees
  18 wights
  5 howler monkeys
  An electric eel (D:15)
  A spectral bullfrog (D:11)
  4 centaur zombies
  10 hounds
  A quasit (D:11)
  4 bullfrog zombies
  A jelly (D:7)
  7 orc priests
  Crazy Yiuf (D:3)
  6 centaur skeletons
  7 iguanas
  15 orc wizards
  6 worker ants
  A killer bee zombie (D:8)
  A bullfrog simulacrum (D:11)
  8 gnolls
  11 adders
  10 river rats
  5 white imps
  An ufetubus (D:10)
  2 oozes
  An adder zombie (D:8)
  3 worms
  2 dart slugs
  8 leopard geckos
  48 orcs
  9 ball pythons
  A giant cockroach (D:3)
  15 goblins
  2 hobgoblins
  9 jackals
  18 kobolds
  A quokka (D:8)
  2 bats
  2 frilled lizards (D:5)
  A jackal skeleton (D:4)
  A quokka skeleton (D:5)
  22 rats
438 creatures vanquished.

Vanquished Creatures (others)
  An ice beast (D:15)
  A centaur (D:13)
  A fungus (D:8)
  6 plants (D:8)
9 creatures vanquished.

Grand Total: 447 creatures vanquished

Notes
Turn   | Place    | Note
-------+----------+-------------------------------------------
     0 | D:1      | Lanoc the Troll Ice Elementalist began the quest for the
                  | Orb.
     0 | D:1      | Reached XP level 1. HP: 16/16 MP: 1/1
    16 | D:1      | Reached skill level 3 in Ice Magic
    68 | D:2      | Reached XP level 2. HP: 24/24 MP: 0/2
    98 | D:2      | Found a burning altar of Makhleb.
   277 | D:2      | Reached XP level 3. HP: 25/31 MP: 3/3
   314 | D:3      | Found a radiant altar of Vehumet.
   328 | D:3      | Reached XP level 4. HP: 23/39 MP: 2/4
   332 | D:3      | Reached skill level 4 in Ice Magic
   367 | D:3      | Learned a level 3 spell: Frozen Ramparts
   372 | D:3      | Found a glowing drain.
   407 | Sewer    | Entered a sewer
   507 | Sewer    | Noticed a big kobold
   507 | Sewer    | Noticed a big kobold
   525 | Sewer    | Killed a big kobold
   525 | Sewer    | Reached XP level 5. HP: 30/45 MP: 2/5
   622 | Sewer    | Reached XP level 6. HP: 41/53 MP: 6/6
   830 | Sewer    | Reached skill level 5 in Ice Magic
  1350 | D:3      | Found a runed translucent door.
  1351 | D:3      | Noticed Crazy Yiuf
  1417 | D:3      | Found a blossoming altar of Fedhas.
  1525 | D:3      | Found a snail-covered altar of Cheibriados.
  1527 | D:3      | Found a glowing silver altar of Zin.
  1558 | D:3      | Killed Crazy Yiuf
  1668 | D:4      | Reached XP level 7. HP: 54/59 MP: 7/7
  1870 | D:4      | Noticed a moth of wrath
  1873 | D:4      | Found a bloodstained altar of Trog.
  1898 | D:4      | Got a translucent whip
  1898 | D:4      | Identified the +4 whip "Qiotiveg" {freeze, Int+2 SInv
                  | Stlth+} (You found it on level 4 of the Dungeon)
  2387 | D:4      | Reached skill level 6 in Ice Magic
  2506 | D:5      | Entered Level 5 of the Dungeon
  2545 | D:5      | Learned a level 3 spell: Ozocubu's Armour
  2888 | D:5      | Reached XP level 8. HP: 62/67 MP: 4/8
  3242 | D:5      | Reached skill level 5 in Dodging
  3242 | D:5      | Reached skill level 7 in Ice Magic
  3502 | D:6      | Identified Xulun's Reference Book on Flamy Dislocation
  4230 | D:6      | Got a faintly glowing cloak
  4240 | D:6      | Identified the cursed +0 cloak of Indecent Exposure {Str+4}
                  | (You found it on level 6 of the Dungeon)
  4426 | D:7      | Found a staircase to the Ecumenical Temple.
  4438 | D:7      | Reached skill level 8 in Ice Magic
  4454 | D:7      | Reached XP level 9. HP: 73/74 MP: 7/9
  4461 | Temple   | Entered the Ecumenical Temple
  4579 | Temple   | Became a worshipper of Qazlal Stormbringer
  4884 | D:7      | Found a shattered altar of Ashenzari.
  5004 | D:7      | Found a shadowy altar of Dithmenos.
  5569 | D:8      | Found a staircase to the Lair.
  5950 | D:8      | Reached skill level 9 in Ice Magic
  6213 | D:9      | Found a basalt altar of Yredelemnul.
  6331 | D:9      | Reached * piety under Qazlal
  6575 | D:9      | Reached XP level 10. HP: 81/81 MP: 7/10
  6856 | D:10     | Entered Level 10 of the Dungeon
  6930 | D:10     | Got a warped lead ring
  6947 | D:10     | Identified the ring "Odesie" {rPois rF+ EV+4} (You found it
                  | on level 10 of the Dungeon)
  7238 | D:10     | Noticed a gargoyle
  7247 | D:10     | Killed a gargoyle
  7247 | D:10     | Reached skill level 10 in Ice Magic
  7368 | D:10     | Noticed an unseen horror
  7373 | D:10     | Killed an unseen horror
  7529 | D:10     | Noticed an unseen horror
  7533 | D:10     | Killed an unseen horror
  7658 | D:10     | Reached ** piety under Qazlal
  7672 | D:10     | Reached skill level 11 in Ice Magic
  7787 | D:10     | Found a staircase to the Orcish Mines.
  7931 | D:10     | Reached XP level 11. HP: 78/88 MP: 7/11
  8220 | D:11     | Noticed a brown ugly thing
  8229 | D:11     | Killed a brown ugly thing
  8366 | D:11     | Reached *** piety under Qazlal
  8783 | D:11     | Found a runed translucent gate.
  8783 | D:11     | Found a runed translucent gate.
  8783 | D:11     | Found a runed translucent gate.
  8784 | D:11     | Noticed Talu's ghost (journeyman DsGl)
  8829 | D:11     | Killed Talu's ghost
  8829 | D:11     | Reached skill level 12 in Ice Magic
  9052 | D:12     | Noticed a cyan ugly thing
  9062 | D:12     | Killed a cyan ugly thing
  9154 | D:12     | Noticed an orc knight
  9156 | D:12     | Noticed Fannar
  9156 | D:12     | Noticed a brown ugly thing
  9222 | D:12     | Killed a brown ugly thing
  9230 | D:12     | Killed an orc knight
  9550 | D:12     | Reached **** piety under Qazlal
  9573 | D:12     | Noticed an unseen horror
  9580 | D:12     | Killed an unseen horror
  9580 | D:12     | Reached XP level 12. HP: 69/96 MP: 6/12
  9626 | D:13     | Noticed Urug
  9642 | D:13     | Killed Urug
  9690 | D:13     | Noticed Sonja
  9699 | D:13     | Killed Sonja
  9699 | D:13     | Reached skill level 10 in Dodging
  9887 | D:13     | Noticed Azrael
  9912 | D:13     | Killed Azrael
  9912 | D:13     | Reached skill level 13 in Ice Magic
  9912 | D:13     | Noticed a centaur warrior
  9926 | D:13     | HP: 4/96 [centaur warrior (11)]
  9927 | D:13     | Killed a centaur warrior
 10327 | D:13     | Identified the cursed +0 robe of Gravity {rN+ Int+3}
 10336 | D:13     | Noticed a vault guard
 10355 | D:13     | Killed a vault guard
 10457 | D:13     | Found a gate to the Vaults.
 10562 | D:14     | Reached ***** piety under Qazlal
 10585 | D:14     | Noticed a two-headed ogre
 10598 | D:14     | Killed a two-headed ogre
 10637 | D:14     | Noticed a two-headed ogre
 10644 | D:14     | Killed a two-headed ogre
 10821 | D:14     | Noticed an ogre mage
 10826 | D:14     | Killed an ogre mage
 10827 | D:14     | Noticed a two-headed ogre
 10827 | D:14     | Noticed a two-headed ogre
 10827 | D:14     | Noticed a two-headed ogre
 10828 | D:14     | Noticed a two-headed ogre
 10833 | D:14     | Killed a two-headed ogre
 10833 | D:14     | Reached XP level 13. HP: 90/102 MP: 9/13
 10840 | D:14     | Reached skill level 14 in Ice Magic
 10901 | D:14     | Found Domn's General Store.
 11298 | D:15     | Entered Level 15 of the Dungeon
 11304 | D:15     | Learned a level 4 spell: Summon Ice Beast
 12178 | D:15     | Found Onues's Jewellery Boutique.
 12203 | D:15     | Noticed Rupert
 12205 | D:15     | Paralysed by Rupert for 5 turns
 12232 | D:15     | Found a glowing golden altar of the Shining One.
 12422 | D:15     | Slain by an ice dragon

Illustrated notes

Levels and vault maps discovered:
D:1:      sevenhm_arrival_forest_fort_small_4, layout_rooms, serial_glass,
          glass_columns_a, glass_columns_c, glass_columns_b
D:2:      layout_basic, nicolae_overflow_crystal_walls,
          hangedman_abyss_or_decor_stabs, kennysheep_big_empty_room
D:3:      layout_rooms, nicolae_overflow_hidden_temple,
          cheibrodos_sewer_entry_sluice, chequers_serial_rivers_micro_c,
          st_stairs_10, uniq_crazy_yiuf_cottage
D:4:      layout_cave_pods, tgw_trog, minmay_tree_intersection,
          minmay_ogre_servants
D:5:      layout_basic, skrybe_limestone_x
D:6:      layout_cave_pods
D:7:      layout_loops_ring, evilmike_ruin_ashenzari, minmay_temple_entry_ruins,
          nicolae_dithmenos_shadow_blocks
D:8:      layout_loops_ring, grunt_lair_entry_orc_guard_hut
D:9:      layout_rooms, lemuel_doored_altar
D:10:     layout_basic, orc_0_dummy, grunt_decor_mini_mirrors
D:11:     layout_cave_pools, gammafunk_ghost_necromancy
D:12:     layout_basic, minmay_variable_closet, drop_trap, uniq_fannar
D:13:     layout_rooms, david_vaults_5, uniq_azrael, uniq_sonja, uniq_urug
D:14:     layout_rooms, serial_shops, shop_statue, minivault_24
D:15:     grunt_enter_depths_hoard, layout_basic, serial_shops,
          nicolae_shop_window_shopping, tso_metal_star, uniq_rupert
Temple:   dshaligram_water_room_temple

Skill      XL: |  1  2  3  4  5  6  7  8  9 10 11 12 13 |
---------------+----------------------------------------+-----
Ice Magic      | 3 4 5 6 8 9 11 12 13 14 | 14.6
Dodging        | 2 3 4 5 7 8 9 10 11 | 11.6
Stealth        | |  1.0
Spellcasting   | |  1.2

Action                   |  1- 3 |  4- 6 |  7- 9 | 10-12 | 13-15 || total
-------------------------+-------+-------+-------+-------+-------++-------
Melee: Unarmed           |    56 |    56 |       |     4 |       ||   116
       Trident           |       |   133 |    17 |       |       ||   150
       Whip              |       |       |   320 |   517 |   176 ||  1013
Throw: Dart              |       |       |       |     4 |       ||     4
 Cast: Freeze            |     4 |       |       |       |       ||     4
       Frozen Ramparts   |       |    10 |    52 |    66 |    33 ||   161
  Use: Scroll            |     1 |       |       |    24 |     2 ||    27
       Potion            |       |     1 |       |     6 |     3 ||    10
Armor: Robe              |    21 |    68 |   111 |   135 |    44 ||   379
       Skin              |       |     8 |       |       |       ||     8
Dodge: Dodged            |    20 |   109 |   227 |   532 |   177 ||  1065
       Repelled          |       |       |       |     1 |     3 ||     4
Block: Other             |       |       |     2 |   107 |    70 ||   179

Table legend: (Time is in decaauts)
 A = Elapsed time spent in this place.
 B = Non-inter-level travel time spent in this place.
 C = Inter-level travel time spent in this place.
 D = Time resting spent in this place.
 E = Time spent auto-exploring this place.
 F = Levels seen in this place.
 G = Mean time per level.
                   A        B        C        D        E       F      G
               +--------+--------+--------+--------+--------+-----+--------+
         Total |  12579 |  12198 |    381 |    475 |   8351 |  17 |  739.9 |
       Dungeon |  11627 |  11261 |    366 |    442 |   7754 |  15 |  775.1 |
        Temple |    137 |    122 |     15 |      0 |     80 |   1 |  137.0 |
         Sewer |    814 |    814 |      0 |     33 |    517 |   1 |  814.0 |
               +--------+--------+--------+--------+--------+-----+--------+

Top non-repeatable levels by time:
    D:10: 1184 daAuts
    D:11: 1116 daAuts
     D:6: 962 daAuts
    D:15: 962 daAuts
    D:14: 950 daAuts
     D:8: 907 daAuts
    D:13: 907 daAuts
     D:4: 904 daAuts
     D:5: 868 daAuts
     D:7: 827 daAuts
   Sewer: 814 daAuts
     D:9: 681 daAuts
     D:3: 546 daAuts
    D:12: 509 daAuts
     D:2: 246 daAuts
